 Dungeon Sprint DCSS version 0.27-a0-1502-g47ed6a6988 (webtiles) character file.

Game seed: 7940707402969557759

70 tygod the Ducker (level 4, 0/37 HPs)
             Began as a Barachi Gladiator on July 9, 2021.
             Slain by a killer bee (4 damage)
             ... in the Dungeon (Sprint IV: "Fedhas' Mad Dash").
             The game lasted 00:01:50 (614 turns).

tygod the Ducker (Barachi Gladiator)                 Turns: 614, Time: 00:01:51

Health: 0/37       AC:  9    Str: 16    XL:     4   Next: 22%
Magic:  3/4        EV:  8    Int:  8    God:
Gold:   16         SH:  0    Dex: 14    Spells: 3/3 levels left

rFire    . . .     SeeInvis .   a - +0 rapier
rCold    . . .     Faith    .   (no shield)
rNeg     . . .     Spirit   .   k - +0 chain mail
rPois    .         Reflect  .   c - +0 helmet
rElec    .         Harm     .   (no cloak)
rCorr    .         Rampage  .   (no gloves)
Will     .....     NoTele   +   (no boots)
Stlth    ..........             f - amulet of invisibility {+Inv}
HPRegen  0.12/turn              (no ring)
MPRegen  0.09/turn              (no ring)

@: lethally poisoned (0 -> -1), very slightly contaminated, invisible
(expiring), slow
A: amphibious, slowness 1, strong legs 1, +LOS
a: Hop, Evoke Invisibility


You were in the Dungeon.
You visited 1 branch You collected 16 gold pieces.

Inventory:

Hand Weapons
 a - a +0 rapier (weapon)
Missiles
 d - 3 throwing nets (quivered)
Armour
 b - a +0 leather armour
 c - a +0 helmet (worn)
 k - a +0 chain mail (worn)
Jewellery
 f - the amulet of invisibility (around neck) {+Inv}
   (You found it in the Dungeon)

   [amulet of nothing]

   +Inv:      It lets you turn invisible.
 i - an amulet of guardian spirit
Scrolls
 e - a scroll of enchant weapon {unknown}
Potions
 g - a potion of haste
 h - 2 potions of magic


   Skills:
 + Level 4.0 Fighting
 + Level 5.9 Short Blades
 + Level 2.9 Throwing
 + Level 2.1 Armour
 + Level 6.2 Dodging
 + Level 1.0 Stealth


You had 3 spell levels left.
You didn't know any spells.
Your spell library was empty.

Dungeon Overview and Level Annotations

Branches:
Dungeon (1/1)

Altars:

Annotations:
D exclusions: oklob plant and 2 oklob saplings


Innate Abilities, Weirdness & Mutations

You are amphibious.
You cover ground slowly.
You can hop short distances.
You have an extended range of vision and can be seen from far away.


Message History

The killer bee buzzes angrily. x3
The burning bush throws fire at you. The puff of flame hits you!
Found 27 gold pieces and a blackened garnet amulet.
Found 16 gold pieces.
There is an open door here.
The burning bush throws fire at you. The puff of flame hits you!
You see here 11 gold pieces.
The killer bee buzzes angrily. x2
You see here an amulet of guardian spirit.
The killer bee buzzes angrily. x2
The killer bee stings you but does no damage.
Keep disrobing? [Y]es or [N]o only, please.
Keep disrobing?
You stop removing your amulet.
The killer bee stings you.
You are poisoned.
The killer bee poisons you! The killer bee barely misses you.
You see here 16 gold pieces.
Blink to where?
Press: ? - help, Dir - move target
As you read the scroll of blinking, it crumbles to dust.
You flicker for a moment.
You feel sick. The killer bee stings you.
The killer bee stings you but does no damage.
The burning bush throws fire at you. The puff of flame hits you!
* * * LOW HITPOINT WARNING * * *
The queen bee closely misses you.
You open the door.
A wandering mushroom, an oklob plant and a burning bush come into view.
You feel sick.
The killer bee buzzes angrily.
The killer bee barely misses you. The killer bee closely misses you.
The wandering mushroom moves out of view.
Marking area around an oklob plant as unsafe for travelling.
You feel sick. The killer bee stings you.
You die...

##################
#<..P#.....#.$$..#
#PP..'.....'.#)..+
#PPPP#.....#P#...#
###############'##
#...♣..y.....'...#
#.....y♣.....#$P$#
♣.@♣..######
####y#####
#$$$y'.......
#P.###P...P.. ####
#######


You could see a burning bush, a queen bee and 3 killer bees.

Vanquished Creatures
  A scorpion (D)
  A river rat (D)
  A rat (D)
3 creatures vanquished.

Notes
Turn   | Place    | Note
-------+----------+-------------------------------------------
     0 | D        | tygod the Barachi Gladiator began the quest for the Orb.
     0 | D        | Reached XP level 1. HP: 17/17 MP: 1/1
    14 | D        | Reached skill level 4 in Dodging
    14 | D        | Reached XP level 2. HP: 11/23 MP: 2/2
   178 | D        | Noticed an oklob sapling
   179 | D        | Noticed a scorpion
   180 | D        | Found the amulet of invisibility {+Inv}
   187 | D        | Killed a scorpion
   188 | D        | Reached skill level 5 in Short Blades
   188 | D        | Reached skill level 6 in Dodging
   188 | D        | Reached skill level 1 in Stealth
   188 | D        | Reached XP level 3. HP: 7/30 MP: 3/3
   188 | D        | Reached XP level 4. HP: 9/37 MP: 4/4
   605 | D        | Noticed a queen bee
   606 | D        | Noticed a burning bush
   613 | D        | Noticed a wandering mushroom
   613 | D        | Noticed a burning bush
   613 | D        | Noticed an oklob plant
   614 | D        | Slain by a killer bee

Illustrated notes

Levels and vault maps discovered:
D:        dungeon_sprint_fedhas [sprint_temple]

Skill      XL: |  1  2 |
---------------+-------+-----
Short Blades   | 4 5 |  5.9
Dodging        | 4 6 |  6.2
Fighting       | 4 |  4.0
Armour         | 2 |  2.1
Stealth        | 1 |  1.0
Throwing       | |  2.9

Action                   |  1- 3 |  4- 6 || total
-------------------------+-------+-------++-------
Melee: Rapier            |    14 |       ||    14
Throw: Throwing net      |     1 |       ||     1
 Abil: Hop               |     1 |       ||     1
       Evoke Invisibilit |       |     1 ||     1
  Use: Potion            |     2 |     1 ||     3
       Scroll            |       |     1 ||     1
 Stab: Held in net/web   |     1 |       ||     1
Armor: Leather armour    |     1 |       ||     1
       Chain mail        |     1 |     2 ||     3
Dodge: Dodged            |     9 |     4 ||    13

Table legend: (Time is in decaauts)
 A = Elapsed time spent in this place.
 B = Non-inter-level travel time spent in this place.
 C = Inter-level travel time spent in this place.
 D = Time resting spent in this place.
 E = Time spent auto-exploring this place.
 F = Levels seen in this place.
 G = Mean time per level.
                   A        B        C        D        E       F      G
               +--------+--------+--------+--------+--------+-----+--------+
         Total |    631 |    631 |      0 |    537 |      0 |   1 |  631.0 |
       Dungeon |    631 |    631 |      0 |    537 |      0 |   1 |  631.0 |
               +--------+--------+--------+--------+--------+-----+--------+

Top non-repeatable levels by time:
       D: 631 daAuts
